Jets vs Maple Leafs
Created - April 6, 2018 at 19:19
Goals
|
| Jets |
0 |
2 |
0 |
0 |
1 |
3 |
| Maple Leafs |
1 |
0 |
1 |
0 |
0 |
2 |
|
Shots
|
| Jets |
16 |
12 |
5 |
3 |
3 |
36 |
| Maple Leafs |
13 |
15 |
4 |
4 |
3 |
36 |
|
1st period
1. Maple Leafs , Gilbert Brule 30 (Marc-Édouard Vlasic 27, Marc-André Fleury) at 14:54 (PP)
Penalties :
Shea Weber (Win) for Interference (Minor) at 14:43
2nd period
2. Jets , Benoit Pouliot 49 (Derek Roy 61, Tyler Myers 26) at 2:43
3. Jets , Dustin Brown 27 (Derek Roy 62, Benoit Pouliot 53) at 12:38
Penalties :
John Klingberg (Tor) for Holding (Minor) at 7:51, Jordan Staal (Tor) for Interference (Minor) at 12:41
3rd period
4. Maple Leafs , Artemi Panarin 23 (Tobias Enstrom 35, John Klingberg 35) at 15:58 (PP)
Penalties :
Marc-Édouard Vlasic (Tor) for Interference (Minor) at 0:05, Josh Bailey (Win) for Roughing (Minor) at 3:06, Marco Scandella (Win) for Holding (Minor) at 6:20, Braydon Coburn (Tor) for Tripping (Minor) at 11:27, Anton Volchenkov (Win) for Tripping (Minor) at 14:31, Joe Colborne (Win) for Roughing (Minor) at 16:06
Overtime #1
No Goal
Penalties :
No Penalty
Shootout
Penalty Shot by Derek Roy for Jets - Goal!
Penalty Shot by Claude Giroux for Maple Leafs - Stopped by Kari Lehtonen
Penalty Shot by Benoit Pouliot for Jets - Stopped by Marc-André Fleury
Penalty Shot by Artemi Panarin for Maple Leafs - Shot Misses the Net
Penalty Shot by Devin Setoguchi for Jets - Shot Misses the Net
Penalty Shot by Fabian Brunnstrom for Maple Leafs - Shot Misses the Net
Penalties :
No Penalty
Goalie Stats
Kari Lehtonen (Win), 34 saves from 36 shots - (0.944), W, 29-14-2, 65:00 minutes
Marc-André Fleury (Tor), 34 saves from 36 shots - (0.944), OTL, 29-23-10, 65:00 minutes
Players Stats for Jets
Player Name G A P +/- PIM S H SB GA TA FO MP PP MP PK MP
------------------------------------------------------------------------------------
Anton Volchenkov 0 0 0 0 2 0 1 2 0 2 0/0 15:39 0:00 2:35
Benoit Pouliot 1 1 2 2 0 4 0 0 1 0 0/1 20:12 4:05 0:59
Derek Roy 0 2 2 2 0 9 1 1 0 0 19/35 20:27 4:05 1:05
Derek Stepan 0 0 0 0 0 2 1 1 1 1 8/12 19:52 3:26 0:04
Devin Setoguchi 0 0 0 0 0 1 1 2 1 1 1/1 19:48 3:26 0:00
Dustin Brown 1 0 1 2 0 1 4 0 0 0 2/4 22:46 4:04 4:35
Eric Gelinas 0 0 0 0 0 1 0 2 1 0 0/0 17:43 3:02 0:00
Erik Haula 0 0 0 0 0 4 0 1 0 2 6/9 15:10 0:25 4:11
James Wright 0 0 0 0 0 3 2 0 0 0 2/3 10:29 0:25 1:55
Joe Colborne 0 0 0 0 2 1 1 1 0 0 4/9 10:31 0:00 1:08
Josh Bailey 0 0 0 0 2 0 0 0 0 0 0/0 6:49 0:00 0:00
Justin Falk 0 0 0 0 0 0 0 1 1 0 0/0 14:31 0:00 1:24
Lee Stempniak 0 0 0 0 0 3 0 1 1 0 0/0 12:45 0:26 1:13
Marco Scandella 0 0 0 2 2 0 2 2 0 2 0/0 28:37 4:54 3:10
Marcus Johansson 0 0 0 0 0 2 0 0 0 0 0/2 16:45 3:26 0:00
Michael Rupp 0 0 0 0 0 1 1 0 1 0 0/0 6:49 0:00 0:00
Shea Weber 0 0 0 2 2 1 3 4 1 3 0/0 28:11 3:02 3:25
Tyler Myers 0 1 1 0 0 3 1 1 0 2 0/0 25:16 4:54 4:36
Players Stats for Maple Leafs
Player Name G A P +/- PIM S H SB GA TA FO MP PP MP PK MP
------------------------------------------------------------------------------------
Alex Killorn 0 0 0 0 0 0 0 0 0 0 0/0 7:30 0:00 0:00
Antoine Vermette 0 0 0 -2 0 1 1 0 0 0 4/6 10:48 0:41 0:56
Artemi Panarin 1 0 1 0 0 2 0 1 0 2 0/3 21:45 3:52 1:55
Ben Smith 0 0 0 0 0 1 3 1 0 0 0/1 12:18 0:22 0:00
Blake Comeau 0 0 0 0 0 0 0 0 0 0 0/0 7:45 0:00 0:00
Braydon Coburn 0 0 0 -1 2 3 0 3 2 0 0/0 26:41 2:49 3:13
Claude Giroux 0 0 0 0 0 7 4 1 1 0 0/1 25:53 4:14 4:05
Colby Armstrong 0 0 0 -2 0 1 0 0 1 0 1/1 13:44 3:21 0:00
Eric Nystrom 0 0 0 -2 0 0 1 2 0 0 0/0 12:36 0:00 1:56
Fabian Brunnstrom 0 0 0 0 0 1 2 0 1 1 1/2 17:50 3:21 1:57
Gilbert Brule 1 0 1 0 0 3 1 0 1 0 6/19 19:03 2:40 1:59
John Klingberg 0 1 1 -1 2 4 1 2 4 0 0/0 23:30 4:46 0:19
Jordan Staal 0 0 0 0 2 5 1 0 1 2 20/38 24:57 4:14 3:04
Marc-Édouard Vlasic 0 1 1 -1 2 3 3 0 1 0 0/0 22:25 3:00 0:55
Ryan Parent 0 0 0 0 0 0 0 0 0 1 0/0 14:14 0:00 3:48
Taylor Chorney 0 0 0 0 0 0 0 0 0 0 0/0 15:23 0:00 4:26
Tobias Enstrom 0 1 1 -1 0 3 2 0 1 2 0/0 28:08 4:35 3:11
Zac Dalpe 0 0 0 0 0 2 0 0 0 0 2/5 7:30 0:00 0:00
3 Stars
1 - Benoit Pouliot (Win)
2 - Dustin Brown (Win)
3 - Derek Roy (Win)
Power Play
Jets - 0 on 4 Attempt(s) - 0.00%
Maple Leafs - 2 on 5 Attempt(s) - 40.00%
Penalty Kill
Jets - 3 on 5 Attempt(s) - 60.00%
- Score 0 goal in Penalty Kill
Maple Leafs - 4 on 4 Attempt(s) - 100.00%
- Score 0 goal in Penalty Kill
Team Stat
Jets - Hits : 18 - Faceoff Wins : 42 - Blocked Shots : 19 - Penalty Minutes : 10
Maple Leafs - Hits : 19 - Faceoff Wins : 34 - Blocked Shots : 10 - Penalty Minutes : 8
Official
Referees : Kimmerly Greg and Rooney Chris
Linesman : Mike Cvik and Brad Kovachik
Game Notes
No Game Note
Finance
Level 1 -- Attendance: 5376 (89.60%) -- Ticket Income $483,840
Level 2 -- Attendance: 4281 (85.62%) -- Ticket Income $235,455
Level 3 -- Attendance: 1865 (93.25%) -- Ticket Income $67,140
Level 4 -- Attendance: 3666 (91.65%) -- Ticket Income $91,650
Luxury Box -- Attendance: 1000 (100.00%) -- Ticket Income $155,000
Game was played at the Maple Leafs Garden.
Total Attendance: 16188 (89.93%)
Total Ticket Income: $1,033,085
Other Income: $154,963
Total Income: $1,188,048
Jets
5 vs 5 Forward
Center Left Wing Right Wing Time % Phy DF OF
1 Derek Roy Benoit Pouliot Dustin Brown 40 1 2 2
2 Derek Stepan Marcus Johansson Devin Setoguchi 25 1 2 2
3 Joe Colborne Erik Haula Lee Stempniak 20 0 3 2
4 James Wright Michael Rupp Josh Bailey 15 1 2 2
5 vs 5 Defense
Defense Defense Time % Phy DF OF
1 Shea Weber Marco Scandella 40 1 3 1
2 Tyler Myers Eric Gelinas 30 1 2 2
3 Justin Falk Anton Volchenkov 25 1 2 2
4 Shea Weber Tyler Myers 5 1 2 2
PowerPlay Forward
Center Left Wing Right Wing Time % Phy DF OF
1 Derek Roy Benoit Pouliot Dustin Brown 60 1 0 4
2 Derek Stepan Marcus Johansson Devin Setoguchi 40 1 2 2
PowerPlay Defense
Defense Defense Time % Phy DF OF
1 Marco Scandella Tyler Myers 55 1 1 3
2 Eric Gelinas Shea Weber 45 0 1 4
Penalty Kill 4 Players Forward
Center Wing Time % Phy DF OF
1 Erik Haula Dustin Brown 60 1 2 2
2 Joe Colborne James Wright 40 1 2 2
Penalty Kill 4 Players Defense
Defense Defense Time % Phy DF OF
1 Marco Scandella Tyler Myers 60 1 2 2
2 Anton Volchenkov Shea Weber 40 1 2 2
Penalty Kill - 3 Players Forward
Forward Time % Phy DF OF
1 Erik Haula 60 1 2 2
2 Joe Colborne 40 1 2 2
Penalty Kill - 3 Players Defense
Defense Defense Time % Phy DF OF
1 Shea Weber Tyler Myers 60 1 2 2
2 Anton Volchenkov Marco Scandella 40 1 2 2
4 vs 4 Forward
Center Wing Time % Phy DF OF
1 Derek Stepan Devin Setoguchi 60 1 2 2
2 Derek Roy Benoit Pouliot 40 1 2 2
4 vs 4 Defense
Defense Defense Time % Phy DF OF
1 Shea Weber Marco Scandella 60 1 2 2
2 Tyler Myers Eric Gelinas 40 1 2 2
Last Minutes Offensive
Center Left Wing Right Wing Defense Defense
Derek Roy Benoit Pouliot Dustin Brown Shea Weber Marco Scandella
Last Minutes Defensive
Center Left Wing Right Wing Defense Defense
Derek Roy Erik Haula Dustin Brown Shea Weber Tyler Myers
Goaltenders
Starting : Kari Lehtonen
Backup : Jacob Markstrom
Extra Forwards
Normal : Marcus Johansson, Derek Roy, Lee Stempniak - PP : Marcus Johansson, Derek Roy - PK : Lee Stempniak
Extra Defensemen
Normal : Eric Gelinas, Shea Weber, Justin Falk - PP : Eric Gelinas - PK : Shea Weber, Justin Falk
Penalty Shots
Derek Roy, Benoit Pouliot, Devin Setoguchi, Lee Stempniak, Marcus Johansson
Scratches
Alexander Frolov (Left Knee Injury), Fredrik Sjostrom (Healthy), Kevin Klein (Healthy)
Maple Leafs
5 vs 5 Forward
Center Left Wing Right Wing Time % Phy DF OF
1 Jordan Staal Artemi Panarin Claude Giroux 40 0 1 4
2 Gilbert Brule Fabian Brunnstrom Ben Smith 30 1 2 2
3 Antoine Vermette Eric Nystrom Colby Armstrong 20 1 2 2
4 Zac Dalpe Alex Killorn Blake Comeau 10 1 2 2
5 vs 5 Defense
Defense Defense Time % Phy DF OF
1 John Klingberg Marc-Édouard Vlasic 40 0 1 4
2 Braydon Coburn Tobias Enstrom 30 0 2 2
3 Taylor Chorney Ryan Parent 20 1 2 2
4 Braydon Coburn Tobias Enstrom 10 1 2 2
PowerPlay Forward
Center Left Wing Right Wing Time % Phy DF OF
1 Jordan Staal Artemi Panarin Claude Giroux 60 1 2 2
2 Gilbert Brule Fabian Brunnstrom Colby Armstrong 40 1 2 2
PowerPlay Defense
Defense Defense Time % Phy DF OF
1 John Klingberg Tobias Enstrom 60 1 2 2
2 Marc-Édouard Vlasic Braydon Coburn 40 1 2 2
Penalty Kill 4 Players Forward
Center Wing Time % Phy DF OF
1 Jordan Staal Claude Giroux 60 1 2 2
2 Gilbert Brule Eric Nystrom 40 1 2 2
Penalty Kill 4 Players Defense
Defense Defense Time % Phy DF OF
1 Braydon Coburn Taylor Chorney 60 1 2 2
2 Tobias Enstrom Ryan Parent 40 1 2 2
Penalty Kill - 3 Players Forward
Forward Time % Phy DF OF
1 Jordan Staal 60 1 2 2
2 Gilbert Brule 40 1 2 2
Penalty Kill - 3 Players Defense
Defense Defense Time % Phy DF OF
1 Braydon Coburn Taylor Chorney 60 1 2 2
2 Tobias Enstrom Ryan Parent 40 1 2 2
4 vs 4 Forward
Center Wing Time % Phy DF OF
1 Jordan Staal Claude Giroux 60 1 2 2
2 Gilbert Brule Colby Armstrong 40 1 2 2
4 vs 4 Defense
Defense Defense Time % Phy DF OF
1 Braydon Coburn Tobias Enstrom 60 1 2 2
2 John Klingberg Marc-Édouard Vlasic 40 1 2 2
Last Minutes Offensive
Center Left Wing Right Wing Defense Defense
Jordan Staal Artemi Panarin Claude Giroux John Klingberg Tobias Enstrom
Last Minutes Defensive
Center Left Wing Right Wing Defense Defense
Jordan Staal Eric Nystrom Claude Giroux Ryan Parent Braydon Coburn
Goaltenders
Starting : Marc-André Fleury
Backup : Alex Stalock
Extra Forwards
Normal : Artemi Panarin, Colby Armstrong, Jordan Staal - PP : Ben Smith, Colby Armstrong - PK : Fabian Brunnstrom
Extra Defensemen
Normal : Tobias Enstrom, Ryan Parent, Braydon Coburn - PP : Marc-Édouard Vlasic - PK : Taylor Chorney, Ryan Parent
Penalty Shots
Claude Giroux, Artemi Panarin, Fabian Brunnstrom, Colby Armstrong, Jordan Staal
Scratches
None
% Time on Ice - Jets
Lines # - Real PCT - Wanted PCT - Time Play
Normal Forward
1 - 34% - 40% - 15:18
2 - 29% - 25% - 13:03
3 - 21% - 20% - 9:19
4 - 15% - 15% - 6:49
Normal Defense
1 - 39% - 40% - 17:27
2 - 29% - 30% - 12:51
3 - 29% - 25% - 12:53
4 - 3% - 5% - 1:18
PP Forward
1 - 57% - 60% - 4:30
2 - 43% - 40% - 3:26
PP Defense
1 - 62% - 55% - 4:54
2 - 38% - 45% - 3:02
PK Forward
1 - 75% - 60% - 5:40
2 - 25% - 40% - 1:55
PK Defense
1 - 68% - 60% - 5:09
2 - 32% - 40% - 2:26
PK3 Forward
1 - 0% - 60%
2 - 0% - 40%
PK3 Defense
1 - 0% - 60%
2 - 0% - 40%
44 Forward
1 - 70% - 60% - 3:29
2 - 30% - 40% - 1:31
44 Defense
1 - 70% - 60% - 3:29
2 - 30% - 40% - 1:31
Last Minute Offensive - 0:00
Last Minute Defensive - 0:00
Total
Forward - 65:00
Defense - 65:00
|
% Time on Ice - Maple Leafs
Lines # - Real PCT - Wanted PCT - Time Play
Normal Forward
1 - 32% - 40% - 14:27
2 - 30% - 30% - 13:21
3 - 21% - 20% - 9:11
4 - 17% - 10% - 7:30
Normal Defense
1 - 40% - 40% - 17:36
2 - 30% - 30% - 13:27
3 - 23% - 20% - 10:16
4 - 7% - 10% - 3:10
PP Forward
1 - 56% - 60% - 4:14
2 - 44% - 40% - 3:21
PP Defense
1 - 63% - 60% - 4:46
2 - 37% - 40% - 2:49
PK Forward
1 - 78% - 60% - 6:12
2 - 22% - 40% - 1:44
PK Defense
1 - 60% - 60% - 4:45
2 - 40% - 40% - 3:11
PK3 Forward
1 - 0% - 60%
2 - 0% - 40%
PK3 Defense
1 - 0% - 60%
2 - 0% - 40%
44 Forward
1 - 70% - 60% - 3:29
2 - 30% - 40% - 1:31
44 Defense
1 - 70% - 60% - 3:29
2 - 30% - 40% - 1:31
Last Minute Offensive - 0:00
Last Minute Defensive - 0:00
Total
Forward - 65:00
Defense - 65:00
|
Play by Play
1st period
0:01 of 1st period - Jordan Staal wins face-off versus Derek Roy in neutral zone.
0:12 of 1st period - Snap shot by Claude Giroux.
0:12 of 1st period - Deflect By Shea Weber.
0:12 of 1st period - Stopped by Kari Lehtonen without a rebound.
0:13 of 1st period - Derek Stepan wins face-off versus Gilbert Brule in Jets zone.
0:20 of 1st period - Snap shot by Derek Stepan.
0:20 of 1st period - Deflect By Devin Setoguchi.
0:20 of 1st period - Shot Blocked by Ben Smith.
0:20 of 1st period - Puck is out of play.
0:21 of 1st period - Derek Stepan wins face-off versus Gilbert Brule in Maple Leafs zone.
0:52 of 1st period - Wrist shot by Gilbert Brule.
0:52 of 1st period - Stopped by Kari Lehtonen without a rebound.
0:53 of 1st period - Antoine Vermette wins face-off versus Joe Colborne in Jets zone.
2:28 of 1st period - Wrist shot by Lee Stempniak.
2:28 of 1st period - Stopped by Marc-André Fleury with a rebound.
2:44 of 1st period - Dustin Brown is hit by Eric Nystrom and loses puck.
3:07 of 1st period - Slapshot by Marc-Édouard Vlasic.
3:07 of 1st period - Shot Misses the Net.
3:09 of 1st period - Slapshot by Blake Comeau.
3:09 of 1st period - Shot Blocked by Anton Volchenkov.
3:11 of 1st period - Slapshot by Marc-Édouard Vlasic.
3:11 of 1st period - Stopped by Kari Lehtonen with a rebound.
3:13 of 1st period - Snap shot by Zac Dalpe.
3:13 of 1st period - Shot Misses the Net.
3:15 of 1st period - Slapshot by John Klingberg.
3:15 of 1st period - Stopped by Kari Lehtonen without a rebound.
3:16 of 1st period - Jordan Staal wins face-off versus Derek Roy in Jets zone.
3:27 of 1st period - Snap shot by Derek Roy.
3:27 of 1st period - Stopped by Marc-André Fleury with a rebound.
3:43 of 1st period - Erik Haula is hit by Ben Smith.
4:10 of 1st period - Ryan Parent is hit by Michael Rupp and loses puck.
4:50 of 1st period - Derek Roy is hit by Claude Giroux and loses puck.
5:44 of 1st period - Braydon Coburn is hit by James Wright and loses puck.
6:05 of 1st period - Snap shot by Jordan Staal.
6:05 of 1st period - Stopped by Kari Lehtonen with a rebound.
6:23 of 1st period - Off-side.
6:24 of 1st period - Derek Stepan wins face-off versus Zac Dalpe in neutral zone.
6:27 of 1st period - Wrist shot by Devin Setoguchi.
6:27 of 1st period - Shot Blocked by John Klingberg.
6:51 of 1st period - Marc-Édouard Vlasic is hit by Tyler Myers.
6:59 of 1st period - Wrist shot by Michael Rupp.
6:59 of 1st period - Stopped by Marc-André Fleury with a rebound.
7:07 of 1st period - Slapshot by Ryan Parent.
7:07 of 1st period - Shot Misses the Net.
7:09 of 1st period - Wrist shot by Ryan Parent.
7:09 of 1st period - Shot Misses the Net.
7:11 of 1st period - Wrist shot by Zac Dalpe.
7:11 of 1st period - Shot Blocked by Eric Gelinas.
7:13 of 1st period - Snap shot by Zac Dalpe.
7:13 of 1st period - Stopped by Kari Lehtonen with a rebound.
7:15 of 1st period - Snap shot by Blake Comeau.
7:15 of 1st period - Shot Misses the Net.
7:27 of 1st period - Snap shot by James Wright.
7:27 of 1st period - Stopped by Marc-André Fleury with a rebound.
7:31 of 1st period - Slapshot by Michael Rupp.
7:31 of 1st period - Shot Misses the Net.
7:33 of 1st period - Snap shot by Eric Gelinas.
7:33 of 1st period - Stopped by Marc-André Fleury with a rebound.
7:35 of 1st period - Slapshot by Eric Gelinas.
7:35 of 1st period - Shot Misses the Net.
7:37 of 1st period - Snap shot by Tyler Myers.
7:37 of 1st period - Stopped by Marc-André Fleury with a rebound.
7:39 of 1st period - Wrist shot by James Wright.
7:39 of 1st period - Shot Blocked by Braydon Coburn.
7:41 of 1st period - Snap shot by Tyler Myers.
7:41 of 1st period - Stopped by Marc-André Fleury without a rebound.
7:42 of 1st period - Derek Roy wins face-off versus Jordan Staal in Maple Leafs zone.
7:55 of 1st period - Snap shot by Derek Roy.
7:55 of 1st period - Shot Blocked by Artemi Panarin.
8:34 of 1st period - Wrist shot by Antoine Vermette.
8:34 of 1st period - Shot Hit the Post.
8:54 of 1st period - Wrist shot by Erik Haula.
8:54 of 1st period - Stopped by Marc-André Fleury without a rebound.
8:55 of 1st period - Joe Colborne wins face-off versus Jordan Staal in Maple Leafs zone.
9:52 of 1st period - Snap shot by Claude Giroux.
9:52 of 1st period - Shot Misses the Net.
10:04 of 1st period - Wrist shot by Erik Haula.
10:04 of 1st period - Stopped by Marc-André Fleury without a rebound.
10:05 of 1st period - Derek Roy wins face-off versus Gilbert Brule in Maple Leafs zone.
10:15 of 1st period - Snap shot by Ben Smith.
10:15 of 1st period - Stopped by Kari Lehtonen without a rebound.
10:16 of 1st period - Derek Roy wins face-off versus Gilbert Brule in Jets zone.
10:35 of 1st period - Dustin Brown is hit by Marc-Édouard Vlasic and loses puck.
11:18 of 1st period - Wrist shot by James Wright.
11:18 of 1st period - Stopped by Marc-André Fleury with a rebound.
11:29 of 1st period - Off-side.
11:30 of 1st period - Derek Roy wins face-off versus Gilbert Brule in neutral zone.
11:41 of 1st period - Slapshot by Derek Roy.
11:41 of 1st period - Stopped by Marc-André Fleury without a rebound.
11:42 of 1st period - Derek Roy wins face-off versus Jordan Staal in Maple Leafs zone.
11:45 of 1st period - Wrist shot by Derek Roy.
11:45 of 1st period - Stopped by Marc-André Fleury with a rebound.
11:47 of 1st period - Wrist shot by Derek Roy.
11:47 of 1st period - Stopped by Marc-André Fleury without a rebound.
11:48 of 1st period - Jordan Staal wins face-off versus Derek Roy in Maple Leafs zone.
11:57 of 1st period - Snap shot by Benoit Pouliot.
11:57 of 1st period - Stopped by Marc-André Fleury without a rebound.
11:58 of 1st period - Derek Roy wins face-off versus Claude Giroux in Maple Leafs zone.
12:01 of 1st period - Slapshot by Benoit Pouliot.
12:01 of 1st period - Stopped by Marc-André Fleury with a rebound.
12:03 of 1st period - Wrist shot by Shea Weber.
12:03 of 1st period - Stopped by Marc-André Fleury with a rebound.
12:07 of 1st period - Snap shot by Benoit Pouliot.
12:07 of 1st period - Deflect By Derek Roy.
12:07 of 1st period - Shot Misses the Net.
12:07 of 1st period - Puck is out of play.
12:08 of 1st period - Derek Roy wins face-off versus Jordan Staal in Maple Leafs zone.
12:41 of 1st period - Snap shot by Benoit Pouliot.
12:41 of 1st period - Shot Misses the Net.
12:43 of 1st period - Snap shot by Dustin Brown.
12:43 of 1st period - Shot Misses the Net.
12:45 of 1st period - Slapshot by Shea Weber.
12:45 of 1st period - Shot Misses the Net.
13:08 of 1st period - Icing by Braydon Coburn.
13:09 of 1st period - Devin Setoguchi wins face-off versus Jordan Staal in Maple Leafs zone.
13:36 of 1st period - Snap shot by Jordan Staal.
13:36 of 1st period - Shot Hit the Post.
13:58 of 1st period - Backhand shot by Gilbert Brule.
13:58 of 1st period - Shot Misses the Net.
14:00 of 1st period - Slapshot by Braydon Coburn.
14:00 of 1st period - Stopped by Kari Lehtonen with a rebound.
14:04 of 1st period - Wrist shot by Fabian Brunnstrom.
14:04 of 1st period - Shot Blocked by Eric Gelinas.
14:26 of 1st period - Snap shot by Devin Setoguchi.
14:26 of 1st period - Shot Blocked by Eric Nystrom.
14:43 of 1st period - Minor Penalty to Shea Weber for Interference.
14:44 of 1st period - Erik Haula wins face-off versus Gilbert Brule in Jets zone.
14:54 of 1st period - Snap shot by Gilbert Brule.
14:54 of 1st period - Goal by Gilbert Brule - Jets : 0 - Maple Leafs : 1.
14:55 of 1st period - Derek Roy wins face-off versus Gilbert Brule in neutral zone.
14:58 of 1st period - Snap shot by Derek Roy.
14:58 of 1st period - Shot Misses the Net.
15:00 of 1st period - Slapshot by Marco Scandella.
15:00 of 1st period - Shot Misses the Net.
15:02 of 1st period - Slapshot by Shea Weber.
15:02 of 1st period - Shot Misses the Net.
15:10 of 1st period - Wrist shot by Benoit Pouliot.
15:10 of 1st period - Shot Misses the Net.
15:12 of 1st period - Slapshot by Shea Weber.
15:12 of 1st period - Deflect By Benoit Pouliot.
15:12 of 1st period - Shot Blocked by John Klingberg.
15:12 of 1st period - Puck is out of play.
15:13 of 1st period - Antoine Vermette wins face-off versus Marcus Johansson in Maple Leafs zone.
15:35 of 1st period - Icing by Eric Gelinas.
15:36 of 1st period - Derek Stepan wins face-off versus Gilbert Brule in Jets zone.
15:41 of 1st period - Eric Gelinas is hit by Gilbert Brule and loses puck.
16:00 of 1st period - Benoit Pouliot is hit by Ben Smith.
16:27 of 1st period - Ryan Parent is hit by Marco Scandella and loses puck.
16:54 of 1st period - Slapshot by Gilbert Brule.
16:54 of 1st period - Deflect By Benoit Pouliot.
16:54 of 1st period - Shot Blocked by Justin Falk.
16:54 of 1st period - Puck is out of play.
16:55 of 1st period - Derek Stepan wins face-off versus Artemi Panarin in Jets zone.
16:55 of 1st period - Derek Stepan is hit by John Klingberg.
17:04 of 1st period - Wrist shot by Devin Setoguchi.
17:04 of 1st period - Shot Misses the Net.
17:22 of 1st period - Joe Colborne is hit by Antoine Vermette and loses puck.
18:19 of 1st period - Colby Armstrong is hit by Joe Colborne and loses puck.
18:38 of 1st period - Snap shot by Michael Rupp.
18:38 of 1st period - Shot Blocked by Eric Nystrom.
18:52 of 1st period - Slapshot by John Klingberg.
18:52 of 1st period - Stopped by Kari Lehtonen with a rebound.
18:55 of 1st period - Icing by Devin Setoguchi.
18:56 of 1st period - Zac Dalpe wins face-off versus Derek Stepan in Jets zone.
19:15 of 1st period - Wrist shot by Zac Dalpe.
19:15 of 1st period - Stopped by Kari Lehtonen without a rebound.
19:16 of 1st period - Jordan Staal wins face-off versus Derek Roy in Jets zone.
19:40 of 1st period - Icing by Marco Scandella.
19:41 of 1st period - Gilbert Brule wins face-off versus Derek Roy in Jets zone.
19:50 of 1st period - Wrist shot by Fabian Brunnstrom.
19:50 of 1st period - Shot Misses the Net.
19:52 of 1st period - Slapshot by Marc-Édouard Vlasic.
19:52 of 1st period - Stopped by Kari Lehtonen with a rebound.
19:54 of 1st period - Slapshot by John Klingberg.
19:54 of 1st period - Stopped by Kari Lehtonen without a rebound.
19:55 of 1st period - Jordan Staal wins face-off versus Joe Colborne in Jets zone.
Goals for this period are 0 for Jets vs 1 for Maple Leafs.
Shots for this period are 16 for Jets vs 13 for Maple Leafs.
2nd period
0:01 of 2nd period - Derek Roy wins face-off versus Jordan Staal in neutral zone.
0:12 of 2nd period - Slapshot by Benoit Pouliot.
0:12 of 2nd period - Stopped by Marc-André Fleury without a rebound.
0:13 of 2nd period - Jordan Staal wins face-off versus Derek Roy in Maple Leafs zone.
0:25 of 2nd period - Marc-Édouard Vlasic is hit by Dustin Brown and loses puck.
0:45 of 2nd period - Derek Stepan is hit by Fabian Brunnstrom and loses puck.
1:31 of 2nd period - Snap shot by Derek Roy.
1:31 of 2nd period - Stopped by Marc-André Fleury without a rebound.
1:32 of 2nd period - Derek Stepan wins face-off versus Jordan Staal in Maple Leafs zone.
1:47 of 2nd period - Snap shot by Jordan Staal.
1:47 of 2nd period - Shot Blocked by Devin Setoguchi.
2:07 of 2nd period - Snap shot by Lee Stempniak.
2:07 of 2nd period - Stopped by Marc-André Fleury without a rebound.
2:08 of 2nd period - Joe Colborne wins face-off versus Gilbert Brule in Maple Leafs zone.
2:43 of 2nd period - Slapshot by Benoit Pouliot.
2:43 of 2nd period - Goal by Benoit Pouliot - Jets : 1 - Maple Leafs : 1.
2:44 of 2nd period - Jordan Staal wins face-off versus Derek Roy in neutral zone.
3:10 of 2nd period - Devin Setoguchi is hit by Marc-Édouard Vlasic.
3:52 of 2nd period - Slapshot by Tobias Enstrom.
3:52 of 2nd period - Stopped by Kari Lehtonen without a rebound.
3:53 of 2nd period - Jordan Staal wins face-off versus Erik Haula in Jets zone.
3:54 of 2nd period - Wrist shot by Claude Giroux.
3:54 of 2nd period - Stopped by Kari Lehtonen with a rebound.
4:04 of 2nd period - Wrist shot by Erik Haula.
4:04 of 2nd period - Stopped by Marc-André Fleury without a rebound.
4:05 of 2nd period - Jordan Staal wins face-off versus Derek Roy in Maple Leafs zone.
4:16 of 2nd period - Snap shot by Claude Giroux.
4:16 of 2nd period - Deflect By Derek Roy.
4:16 of 2nd period - Shot Blocked by Derek Roy.
4:16 of 2nd period - Puck is out of play.
4:17 of 2nd period - Derek Roy wins face-off versus Ben Smith in Jets zone.
4:28 of 2nd period - Snap shot by Benoit Pouliot.
4:28 of 2nd period - Deflect By Dustin Brown.
4:28 of 2nd period - Shot Misses the Net.
4:28 of 2nd period - Puck is out of play.
4:29 of 2nd period - Jordan Staal wins face-off versus Derek Roy in Maple Leafs zone.
5:17 of 2nd period - Slapshot by Tobias Enstrom.
5:17 of 2nd period - Shot Blocked by Marco Scandella.
5:19 of 2nd period - Snap shot by Tobias Enstrom.
5:19 of 2nd period - Stopped by Kari Lehtonen without a rebound.
5:20 of 2nd period - Antoine Vermette wins face-off versus Joe Colborne in Jets zone.
5:51 of 2nd period - Snap shot by Colby Armstrong.
5:51 of 2nd period - Shot Misses the Net.
5:53 of 2nd period - Slapshot by Tobias Enstrom.
5:53 of 2nd period - Shot Blocked by Lee Stempniak.
5:59 of 2nd period - Snap shot by Colby Armstrong.
5:59 of 2nd period - Stopped by Kari Lehtonen without a rebound.
6:00 of 2nd period - Jordan Staal wins face-off versus Derek Roy in Jets zone.
6:05 of 2nd period - Wrist shot by Claude Giroux.
6:05 of 2nd period - Stopped by Kari Lehtonen without a rebound.
6:06 of 2nd period - Jordan Staal wins face-off versus Derek Roy in Jets zone.
6:17 of 2nd period - Slapshot by Jordan Staal.
6:17 of 2nd period - Shot Misses the Net.
7:12 of 2nd period - Slapshot by Marcus Johansson.
7:12 of 2nd period - Stopped by Marc-André Fleury with a rebound.
7:42 of 2nd period - Slapshot by Claude Giroux.
7:42 of 2nd period - Shot Blocked by Derek Stepan.
7:44 of 2nd period - Snap shot by Marc-Édouard Vlasic.
7:44 of 2nd period - Stopped by Kari Lehtonen without a rebound.
7:45 of 2nd period - Gilbert Brule wins face-off versus Dustin Brown in Jets zone.
7:51 of 2nd period - Minor Penalty to John Klingberg for Holding.
7:52 of 2nd period - Derek Roy wins face-off versus Jordan Staal in Maple Leafs zone.
7:56 of 2nd period - Wrist shot by Benoit Pouliot.
7:56 of 2nd period - Shot Blocked by Claude Giroux.
8:48 of 2nd period - Jordan Staal is hit by Dustin Brown and loses puck.
9:51 of 2nd period - Penalty to John Klingberg is over, John Klingberg is back on ice.
10:17 of 2nd period - Colby Armstrong is hit by James Wright and loses puck.
10:48 of 2nd period - Ryan Parent is hit by Dustin Brown and loses puck.
11:05 of 2nd period - Icing by Fabian Brunnstrom.
11:06 of 2nd period - James Wright wins face-off versus Gilbert Brule in Maple Leafs zone.
11:41 of 2nd period - Wrist shot by Claude Giroux.
11:41 of 2nd period - Stopped by Kari Lehtonen without a rebound.
11:42 of 2nd period - Jordan Staal wins face-off versus Derek Roy in Jets zone.
11:47 of 2nd period - Snap shot by Claude Giroux.
11:47 of 2nd period - Stopped by Kari Lehtonen with a rebound.
11:49 of 2nd period - Snap shot by Artemi Panarin.
11:49 of 2nd period - Stopped by Kari Lehtonen without a rebound.
11:50 of 2nd period - Derek Roy wins face-off versus Jordan Staal in Jets zone.
11:50 of 2nd period - Derek Roy is hit by Jordan Staal.
12:36 of 2nd period - Wrist shot by Derek Roy.
12:36 of 2nd period - Shot Misses the Net.
12:38 of 2nd period - Snap shot by Dustin Brown.
12:38 of 2nd period - Goal by Dustin Brown - Jets : 2 - Maple Leafs : 1.
12:39 of 2nd period - Jordan Staal wins face-off versus Marcus Johansson in neutral zone.
12:41 of 2nd period - Minor Penalty to Jordan Staal for Interference.
12:42 of 2nd period - Fabian Brunnstrom wins face-off versus Benoit Pouliot in Maple Leafs zone.
12:50 of 2nd period - Snap shot by Dustin Brown.
12:50 of 2nd period - Shot Misses the Net.
12:52 of 2nd period - Backhand shot by Tyler Myers.
12:52 of 2nd period - Shot Blocked by Braydon Coburn.
13:14 of 2nd period - Marco Scandella is hit by Tobias Enstrom and loses puck.
14:41 of 2nd period - Penalty to Jordan Staal is over, Jordan Staal is back on ice.
14:50 of 2nd period - Slapshot by James Wright.
14:50 of 2nd period - Stopped by Marc-André Fleury without a rebound.
14:51 of 2nd period - James Wright wins face-off versus Zac Dalpe in Maple Leafs zone.
15:52 of 2nd period - Dustin Brown is hit by Claude Giroux and loses puck.
16:03 of 2nd period - Snap shot by Marcus Johansson.
16:03 of 2nd period - Stopped by Marc-André Fleury without a rebound.
16:04 of 2nd period - Derek Stepan wins face-off versus Antoine Vermette in Maple Leafs zone.
16:16 of 2nd period - Icing by Tobias Enstrom.
16:17 of 2nd period - Dustin Brown wins face-off versus Antoine Vermette in Maple Leafs zone.
16:32 of 2nd period - Wrist shot by Derek Roy.
16:32 of 2nd period - Stopped by Marc-André Fleury with a rebound.
16:34 of 2nd period - Slapshot by Tyler Myers.
16:34 of 2nd period - Deflect By Eric Nystrom.
16:34 of 2nd period - Stopped by Marc-André Fleury with a rebound.
16:55 of 2nd period - Snap shot by Marcus Johansson.
16:55 of 2nd period - Shot Blocked by Braydon Coburn.
17:04 of 2nd period - Off-side.
17:05 of 2nd period - Gilbert Brule wins face-off versus James Wright in neutral zone.
17:15 of 2nd period - Snap shot by Fabian Brunnstrom.
17:15 of 2nd period - Shot Misses the Net.
17:17 of 2nd period - Slapshot by John Klingberg.
17:17 of 2nd period - Shot Misses the Net.
17:19 of 2nd period - Snap shot by Gilbert Brule.
17:19 of 2nd period - Stopped by Kari Lehtonen with a rebound.
17:31 of 2nd period - Benoit Pouliot is hit by Marc-Édouard Vlasic and loses puck.
17:58 of 2nd period - Slapshot by Colby Armstrong.
17:58 of 2nd period - Deflect By Antoine Vermette.
17:58 of 2nd period - Stopped by Kari Lehtonen without a rebound.
17:59 of 2nd period - Gilbert Brule wins face-off versus Derek Stepan in Jets zone.
18:00 of 2nd period - Slapshot by Fabian Brunnstrom.
18:00 of 2nd period - Stopped by Kari Lehtonen without a rebound.
18:01 of 2nd period - Derek Stepan wins face-off versus Fabian Brunnstrom in Jets zone.
18:08 of 2nd period - Ben Smith is hit by Shea Weber and loses puck.
18:41 of 2nd period - Slapshot by Antoine Vermette.
18:41 of 2nd period - Shot Blocked by Devin Setoguchi.
18:55 of 2nd period - Snap shot by Claude Giroux.
18:55 of 2nd period - Stopped by Kari Lehtonen with a rebound.
19:14 of 2nd period - Wrist shot by Jordan Staal.
19:14 of 2nd period - Stopped by Kari Lehtonen with a rebound.
19:16 of 2nd period - Slapshot by John Klingberg.
19:16 of 2nd period - Stopped by Kari Lehtonen without a rebound.
19:17 of 2nd period - Joe Colborne wins face-off versus Zac Dalpe in Jets zone.
19:57 of 2nd period - Slapshot by Lee Stempniak.
19:57 of 2nd period - Stopped by Marc-André Fleury with a rebound.
19:59 of 2nd period - Slapshot by Justin Falk.
19:59 of 2nd period - Deflect By Lee Stempniak.
19:59 of 2nd period - Shot Misses the Net.
19:59 of 2nd period - Puck is out of play.
Goals for this period are 2 for Jets vs 0 for Maple Leafs.
Shots for this period are 12 for Jets vs 15 for Maple Leafs.
3rd period
0:01 of 3rd period - Derek Roy wins face-off versus Jordan Staal in neutral zone.
0:05 of 3rd period - Minor Penalty to Marc-Édouard Vlasic for Interference.
0:06 of 3rd period - Jordan Staal wins face-off versus Derek Roy in Maple Leafs zone.
1:26 of 3rd period - Artemi Panarin is hit by Derek Stepan and loses puck.
2:05 of 3rd period - Penalty to Marc-Édouard Vlasic is over, Marc-Édouard Vlasic is back on ice.
3:06 of 3rd period - Minor Penalty to Josh Bailey for Roughing.
3:07 of 3rd period - Erik Haula wins face-off versus Jordan Staal in Jets zone.
3:37 of 3rd period - Icing by John Klingberg.
3:38 of 3rd period - Erik Haula wins face-off versus Gilbert Brule in Maple Leafs zone.
3:49 of 3rd period - Snap shot by Claude Giroux.
3:49 of 3rd period - Shot Blocked by Anton Volchenkov.
3:51 of 3rd period - Wrist shot by Artemi Panarin.
3:51 of 3rd period - Shot Blocked by Shea Weber.
3:53 of 3rd period - Wrist shot by Jordan Staal.
3:53 of 3rd period - Stopped by Kari Lehtonen without a rebound.
3:54 of 3rd period - Jordan Staal wins face-off versus Erik Haula in Jets zone.
3:57 of 3rd period - Slapshot by Claude Giroux.
3:57 of 3rd period - Stopped by Kari Lehtonen without a rebound.
3:58 of 3rd period - Erik Haula wins face-off versus Jordan Staal in Jets zone.
4:07 of 3rd period - Jordan Staal is hit by Dustin Brown and loses puck.
4:34 of 3rd period - Marc-Édouard Vlasic is hit by Anton Volchenkov and loses puck.
5:06 of 3rd period - Penalty to Josh Bailey is over, Josh Bailey is back on ice.
6:03 of 3rd period - Slapshot by Erik Haula.
6:03 of 3rd period - Stopped by Marc-André Fleury without a rebound.
6:04 of 3rd period - Joe Colborne wins face-off versus Jordan Staal in Maple Leafs zone.
6:13 of 3rd period - Snap shot by Joe Colborne.
6:13 of 3rd period - Stopped by Marc-André Fleury without a rebound.
6:14 of 3rd period - Jordan Staal wins face-off versus Derek Roy in Maple Leafs zone.
6:20 of 3rd period - Minor Penalty to Marco Scandella for Holding.
6:21 of 3rd period - Jordan Staal wins face-off versus Erik Haula in Jets zone.
8:20 of 3rd period - Penalty to Marco Scandella is over, Marco Scandella is back on ice.
8:51 of 3rd period - Taylor Chorney is hit by Marco Scandella and loses puck.
9:04 of 3rd period - Zac Dalpe is hit by Shea Weber and loses puck.
9:55 of 3rd period - Snap shot by Derek Roy.
9:55 of 3rd period - Stopped by Marc-André Fleury without a rebound.
9:56 of 3rd period - Derek Roy wins face-off versus Gilbert Brule in Maple Leafs zone.
9:59 of 3rd period - Wrist shot by Derek Roy.
9:59 of 3rd period - Shot Misses the Net.
10:49 of 3rd period - Snap shot by Lee Stempniak.
10:49 of 3rd period - Deflect By Joe Colborne.
10:49 of 3rd period - Shot Misses the Net.
10:49 of 3rd period - Puck is out of play.
10:50 of 3rd period - Derek Roy wins face-off versus Jordan Staal in Maple Leafs zone.
11:22 of 3rd period - Snap shot by Derek Stepan.
11:22 of 3rd period - Stopped by Marc-André Fleury without a rebound.
11:23 of 3rd period - Gilbert Brule wins face-off versus Dustin Brown in Maple Leafs zone.
11:27 of 3rd period - Minor Penalty to Braydon Coburn for Tripping.
11:28 of 3rd period - Derek Roy wins face-off versus Jordan Staal in Maple Leafs zone.
12:00 of 3rd period - Taylor Chorney is hit by Derek Roy and loses puck.
13:19 of 3rd period - Tyler Myers is hit by Claude Giroux and loses puck.
13:27 of 3rd period - Penalty to Braydon Coburn is over, Braydon Coburn is back on ice.
13:55 of 3rd period - Erik Haula is hit by Tobias Enstrom and loses puck.
14:31 of 3rd period - Minor Penalty to Anton Volchenkov for Tripping.
14:32 of 3rd period - Derek Roy wins face-off versus Jordan Staal in Jets zone.
14:49 of 3rd period - Dustin Brown is hit by Claude Giroux and loses puck.
15:34 of 3rd period - Snap shot by Braydon Coburn.
15:34 of 3rd period - Deflect By Fabian Brunnstrom.
15:34 of 3rd period - Shot Blocked by Marco Scandella.
15:34 of 3rd period - Puck is out of play.
15:35 of 3rd period - Jordan Staal wins face-off versus Joe Colborne in Jets zone.
15:48 of 3rd period - Wrist shot by Claude Giroux.
15:48 of 3rd period - Deflect By Artemi Panarin.
15:48 of 3rd period - Shot Blocked by Joe Colborne.
15:48 of 3rd period - Puck is out of play.
15:49 of 3rd period - Erik Haula wins face-off versus Artemi Panarin in Jets zone.
15:58 of 3rd period - Snap shot by Tobias Enstrom.
15:58 of 3rd period - Deflect By Artemi Panarin.
15:58 of 3rd period - Goal by Artemi Panarin - Jets : 2 - Maple Leafs : 2.
15:59 of 3rd period - Antoine Vermette wins face-off versus Joe Colborne in neutral zone.
16:04 of 3rd period - Wrist shot by Antoine Vermette.
16:04 of 3rd period - Shot Blocked by Erik Haula.
16:06 of 3rd period - Minor Penalty to Joe Colborne for Roughing.
16:07 of 3rd period - Erik Haula wins face-off versus Jordan Staal in Jets zone.
16:42 of 3rd period - Slapshot by John Klingberg.
16:42 of 3rd period - Shot Misses the Net.
17:30 of 3rd period - Marco Scandella is hit by Fabian Brunnstrom and loses puck.
18:06 of 3rd period - Penalty to Joe Colborne is over, Joe Colborne is back on ice.
18:15 of 3rd period - Off-side.
18:16 of 3rd period - Zac Dalpe wins face-off versus Derek Stepan in neutral zone.
18:31 of 3rd period - Snap shot by Zac Dalpe.
18:31 of 3rd period - Shot Blocked by Tyler Myers.
18:41 of 3rd period - Devin Setoguchi is hit by Ben Smith and loses puck.
19:10 of 3rd period - Snap shot by Devin Setoguchi.
19:10 of 3rd period - Stopped by Marc-André Fleury with a rebound.
19:33 of 3rd period - John Klingberg is hit by Shea Weber and loses puck.
19:54 of 3rd period - Slapshot by Tobias Enstrom.
19:54 of 3rd period - Deflect By Marcus Johansson.
19:54 of 3rd period - Stopped by Kari Lehtonen without a rebound.
19:55 of 3rd period - Derek Roy wins face-off versus Jordan Staal in Jets zone.
19:57 of 3rd period - Icing by Dustin Brown.
19:58 of 3rd period - Dustin Brown wins face-off versus Artemi Panarin in Jets zone.
Goals for this period are 0 for Jets vs 1 for Maple Leafs.
Shots for this period are 5 for Jets vs 4 for Maple Leafs.
Overtime #1
0:01 of 1st overtime period - Jordan Staal wins face-off versus Derek Stepan in neutral zone.
1:13 of 1st overtime period - Snap shot by Claude Giroux.
1:13 of 1st overtime period - Shot Blocked by Shea Weber.
1:37 of 1st overtime period - Snap shot by Jordan Staal.
1:37 of 1st overtime period - Shot Blocked by Shea Weber.
1:39 of 1st overtime period - Wrist shot by Jordan Staal.
1:39 of 1st overtime period - Shot Blocked by Shea Weber.
1:45 of 1st overtime period - Snap shot by Jordan Staal.
1:45 of 1st overtime period - Shot Hit the Post.
1:59 of 1st overtime period - Braydon Coburn is hit by Devin Setoguchi and loses puck.
2:17 of 1st overtime period - Snap shot by Derek Stepan.
2:17 of 1st overtime period - Shot Hit the Post.
2:30 of 1st overtime period - Slapshot by Derek Stepan.
2:30 of 1st overtime period - Stopped by Marc-André Fleury with a rebound.
2:36 of 1st overtime period - Wrist shot by Jordan Staal.
2:36 of 1st overtime period - Stopped by Kari Lehtonen with a rebound.
2:40 of 1st overtime period - Snap shot by Claude Giroux.
2:40 of 1st overtime period - Shot Misses the Net.
2:42 of 1st overtime period - Wrist shot by Braydon Coburn.
2:42 of 1st overtime period - Stopped by Kari Lehtonen with a rebound.
2:44 of 1st overtime period - Slapshot by Braydon Coburn.
2:44 of 1st overtime period - Deflect By Devin Setoguchi.
2:44 of 1st overtime period - Stopped by Kari Lehtonen with a rebound.
3:28 of 1st overtime period - Snap shot by Jordan Staal.
3:28 of 1st overtime period - Stopped by Kari Lehtonen without a rebound.
3:29 of 1st overtime period - Colby Armstrong wins face-off versus Derek Roy in Jets zone.
3:43 of 1st overtime period - Icing by John Klingberg.
3:44 of 1st overtime period - Gilbert Brule wins face-off versus Derek Roy in Maple Leafs zone.
3:53 of 1st overtime period - Slapshot by Derek Roy.
3:53 of 1st overtime period - Stopped by Marc-André Fleury without a rebound.
3:54 of 1st overtime period - Derek Roy wins face-off versus Gilbert Brule in Maple Leafs zone.
4:01 of 1st overtime period - Slapshot by Derek Roy.
4:01 of 1st overtime period - Stopped by Marc-André Fleury with a rebound.
4:07 of 1st overtime period - Wrist shot by Derek Roy.
4:07 of 1st overtime period - Shot Misses the Net.
Goals for this period are 0 for Jets vs 0 for Maple Leafs.
Shots for this period are 3 for Jets vs 4 for Maple Leafs.
ShootOut
5:00 of 1st overtime period - Penalty Shot by Derek Roy for Jets.
5:00 of 1st overtime period - Wrist shot by Derek Roy.
5:00 of 1st overtime period - Goal by Derek Roy.
5:00 of 1st overtime period - Penalty Shot by Claude Giroux for Maple Leafs.
5:00 of 1st overtime period - Snap shot by Claude Giroux.
5:00 of 1st overtime period - Stopped by Kari Lehtonen.
5:00 of 1st overtime period - Penalty Shot by Benoit Pouliot for Jets.
5:00 of 1st overtime period - Wrist shot by Benoit Pouliot.
5:00 of 1st overtime period - Stopped by Marc-André Fleury.
5:00 of 1st overtime period - Penalty Shot by Artemi Panarin for Maple Leafs.
5:00 of 1st overtime period - Snap shot by Artemi Panarin.
5:00 of 1st overtime period - Shot Misses the Net.
5:00 of 1st overtime period - Penalty Shot by Devin Setoguchi for Jets.
5:00 of 1st overtime period - Deke by Devin Setoguchi.
5:00 of 1st overtime period - Shot Misses the Net.
5:00 of 1st overtime period - Penalty Shot by Fabian Brunnstrom for Maple Leafs.
5:00 of 1st overtime period - Deke by Fabian Brunnstrom.
5:00 of 1st overtime period - Shot Misses the Net.
Back to the Top